 Dungeon Crawl Stone Soup version 0.28.0-45-g0d030f2227 (webtiles) character file.

Game seed: 14190520356388867593

147 101zpm the Skirmisher (level 5, -2/33 HPs)
             Began as a Gargoyle Fighter on Apr 9, 2022.
             Slain by a gnoll
             ... wielding a +0 whip
              (8 damage)
             ... on level 3 of the Dungeon.
             The game lasted 00:02:43 (2406 turns).

101zpm the Skirmisher (Gargoyle Fighter)            Turns: 2406, Time: 00:02:44

Health: -2/33      AC: 17    Str: 22    XL:     5   Next: 29%
Magic:  5/5        EV:  6    Int:  8    God:
Gold:   117        SH:  4    Dex:  9    Spells: 4/4 levels left

rFire   . . .      SeeInvis .   a - +0 flail
rCold   . . .      Faith    .   c - +0 buckler
rNeg    + . .      Spirit   .   o - +0 plate armour
rPois   ∞          Reflect  .   (no helmet)
rElec   +          Harm     .   (no cloak)
rCorr   .          Rampage  .   h - +0 pair of gloves
Will    .....                   (no boots)
Stlth   ..........              (no amulet)
HPRegen 0.11/turn               (no ring)
MPRegen 0.09/turn               (no ring)

@: no status effects
A: sickness immunity, AC +4, negative energy resistance 1, electricity
resistance, torment resistance 1, petrification resistance
a: no special abilities


You were on level 3 of the Dungeon.
You visited 1 branch of the dungeon, and saw 3 of its levels.

You collected 117 gold pieces.

Inventory:

Hand Weapons
 a - a +0 flail (weapon)
Missiles
 i - 3 atropa-tipped darts (quivered)
 n - a throwing net
Armour
 b - a +0 scale mail
 c - a +0 buckler (worn)
 h - a +0 pair of gloves (worn)
 o - a +0 plate armour (worn)
Jewellery
 m - a +6 ring of strength
Scrolls
 e - 5 scrolls of identify {unknown}
 j - a scroll of silence {unknown}
 k - a scroll of teleportation {unknown}
 l - a scroll of fear {unknown}
Potions
 d - a potion of might
 f - a potion of lignification {unknown}
 g - a potion of flight {unknown}


   Skills:
 + Level 4.1 Fighting
 + Level 3.3 Maces & Flails
 + Level 4.0 Armour
 + Level 0.9 Dodging
 + Level 0.6 Stealth
 + Level 3.9 Shields


You had 4 spell levels left.
You didn't know any spells.
Your spell library was empty.

Dungeon Overview and Level Annotations

Branches:
Dungeon (3/15)

Altars:
Kikubaaqudgha


Innate Abilities, Weirdness & Mutations

You are immune to sickness and miasma.
Your stone body is resilient. (AC +4)
You are immune to poison.
You resist negative energy. (rN+)
You are resistant to electric shocks. (rElec)
You are resistant to unholy torment.
You are immune to petrification.


Message History

You are too injured to fight recklessly!
You are too injured to fight recklessly!
You are too injured to fight recklessly!
You are too injured to fight recklessly!
You hit the gnoll but do no damage.
The gnoll is severely wounded.
The gnoll hits you but does no damage. You block the gnoll's attack.
You hit the gnoll.
The gnoll is almost dead.
The gnoll hits you with a +0 halberd.
The gnoll hits you from afar with a +0 spear.
You hit the gnoll.
You kill the gnoll!
The gnoll hits you but does no damage. The gnoll hits you with a +0 spear.
* * * LOW HITPOINT WARNING * * *
Things that are here:
a +0 halberd; a gnoll corpse You hit the gnoll.
The gnoll is moderately wounded.
The gnoll hits you with a +0 spear.
* * * LOW HITPOINT WARNING * * *
The gnoll hits you but does no damage.
You barely miss the gnoll.
The gnoll is moderately wounded.
You block the gnoll's attack.
You hit the gnoll.
The gnoll is severely wounded.
The gnoll hits you with a +0 spear.
* * * LOW HITPOINT WARNING * * *
You completely miss the gnoll.
The gnoll is severely wounded.
The gnoll barely misses you.
You hit the gnoll.
You kill the gnoll!
The gnoll barely misses you.
You thump the gnoll!
The gnoll is severely wounded.
The gnoll hits you with a +0 whip!
You die...

...#)......#
...........# ..
...#.>.....# .#
..........####.#
.###.#...## #.. ##
#.##.## #.#
#.##.#####.#
#.##...##..#####.#
.##......[.)@g..#
#.#.##.########
#.#.##.# #.#.##.#
#.#.##.# ..#>##.#
###.##.# #.##.#


You could see a gnoll.

Vanquished Creatures
  7 gnolls
  3 adders (D:2)
  A worm (D:2)
  A dart slug (D:2)
  2 orcs (D:3)
  10 ball pythons
  6 endoplasms
  2 hobgoblins (D:1)
  3 jackals (D:3)
  4 quokkas
  2 bats
  2 frilled lizards
  A goblin (D:1)
  2 kobolds
  4 rats
50 creatures vanquished.

Notes
Turn   | Place    | Note
-------+----------+-------------------------------------------
     0 | D:1      | 101zpm the Gargoyle Fighter began the quest for the Orb.
     0 | D:1      | Reached XP level 1. HP: 14/14 MP: 1/1
   205 | D:1      | Found a faded altar of an unknown god.
   648 | D:1      | Reached XP level 2. HP: 15/19 MP: 2/2
  1334 | D:2      | Reached XP level 3. HP: 13/24 MP: 3/3
  1492 | D:2      | Found an ancient bone altar of Kikubaaqudgha.
  1763 | D:2      | Reached XP level 4. HP: 27/29 MP: 4/4
  2312 | D:3      | Reached XP level 5. HP: 33/33 MP: 5/5
  2406 | D:3      | Slain by a gnoll

Illustrated notes

Levels and vault maps discovered:
D:1:      minmay_arrival_four_houses, layout_loops_corners,
          dreamdust_ecumenical_altar_hidden_monk_grotto, st_stairs_13,
          minivault_19, corexii_corridor_pit, serial_bayou_pond_e,
          bh_walls_and_bars
D:2:      layout_rooms, basic_altar
D:3:      lemuel_castle_with_subvaults [lemuel_castle_interior_original],
          layout_loops_ring

Skill      XL: |  1  2  3  4 |
---------------+-------------+-----
Fighting       | 4 |  4.1
Armour         | 4 |  4.0
Maces & Flails | 3 |  3.3
Dodging        | |  0.9
Stealth        | |  0.6
Shields        | |  3.9

Action                   |  1- 3 |  4- 6 || total
-------------------------+-------+-------++-------
Melee: Flail             |    93 |    83 ||   176
Armor: Scale mail        |    47 |    21 ||    68
       Plate armour      |       |    21 ||    21
Dodge: Dodged            |    38 |    44 ||    82
Block: Buckler           |    19 |    23 ||    42
